 Dungeon Sprint DCSS version 0.31.0-11-ge490571c62 (webtiles) character file.

Game seed: 7060100651126476881

428 boopmooplesden the Protected (level 6, -2/90 HPs)
             Began as an Armataur Fighter on Feb 1, 2024.
             Was a Follower of Trog.
             Slain by a hornet (7 damage)
             ... in the Dungeon (Sprint IX: "|||||||||||||||||||||||||||||").
             The game lasted 00:01:13 (368 turns).

boopmooplesden the Protected (Armataur Fighter)      Turns: 368, Time: 00:01:13

Health: -2/90      AC:  6    Str: 22    XL:     6   Next: 65%
Magic:  6/6        EV:  8    Int: 11    God:    Trog [*.....]
Gold:   0          SH:  5    Dex: 11    Spells: 5/5 levels left

rFire   . . .        l - +2 scimitar (holy)
rCold   . . .        c - +0 buckler
rNeg    . . .        b - +0 scale mail
rPois   .            (no helmet)
rElec   .            (no cloak)
rCorr   .            (no gloves)
SInv    .            (no barding)
Will    .....        (no amulet) Stlth
                     p - +2 ring of protection
HPRegen 0.35/turn    o - +3 ring of intelligence
MPRegen 0.10/turn

%: no teleportation, roll
@: berserking (expiring), corroded, invisible, very quick
A: large, deformed body, tough skin 3, armoured tail, roll 1
a: Renounce Religion, Berserk


You were in the Dungeon.
You worshipped Trog.
Trog was aware of your devotion.
You visited 1 branch

Inventory:

Hand Weapons
 a - a +0 long sword
 l - a +2 scimitar of holy wrath (weapon)
 m - a +4 quarterstaff of speed
Armour
 b - a +0 scale mail (worn)
 c - a +0 buckler (worn)
 n - a +1 scale mail
Jewellery
 o - a +3 ring of intelligence (right hand)
 p - a +2 ring of protection (left hand)
Wands
 k - a wand of iceblast (10)
Scrolls
 j - 2 scrolls of blinking
Potions
 e - 5 potions of curing
 f - 3 potions of heal wounds
 g - a potion of haste
 h - 4 potions of magic


   Skills:
 + Level 7.0 Fighting
 + Level 6.7 Long Blades
 + Level 9.5 Armour
 + Level 1.7 Dodging
 + Level 1.2 Stealth
 + Level 7.8 Shields


You had 5 spell levels left.
You didn't know any spells.
Your spell library was empty.

Dungeon Overview and Level Annotations

Branches:
Dungeon (1/1)

Altars:
Cheibriados
Dithmenos
Elyvilon
Fedhas
Gozag
Hepliaklqana
Kikubaaqudgha
Makhleb
Nemelex Xobeh
Okawaru
Qazlal
Ru
Sif Muna
Trog
Uskayaw
Vehumet
Wu Jian
Xom
Yredelemnul
Zin
The Shining One
Jiyva
Lugonu


Innate Abilities, Weirdness & Mutations

Armour fits poorly on your strangely shaped body.
You have extremely tough skin. (AC +3)
You have a long armoured tail.
You regenerate magic when rolling toward enemies. (Rampage MPRegen)


Message History

* * * LOW HITPOINT WARNING * * *
The vampire mosquito draws strength from your injuries!
The vampire mosquito bites you but does no damage.
You miss the vampire mosquito.
The vampire mosquito is moderately damaged.
The vampire mosquito bites you!
* * * LOW HITPOINT WARNING * * *
The vampire mosquito draws strength from your injuries!
The vampire mosquito bites you.
* * * LOW HITPOINT WARNING * * *
The vampire mosquito draws strength from your injuries!
You slash the vampire mosquito!
The vampire mosquito convulses!!
You destroy the vampire mosquito!
Trog accepts your kill.
Your Fighting skill increases to level 7!
Your Long Blades skill increases to level 6!
Your Armour skill increases to level 9!
Your Stealth skill increases to level 1!
You hit the hornet.
The hornet is lightly wounded.
You block the hornet's attack. x2
You miss the hornet.
The hornet is lightly wounded.
You block the hornet's attack.
You closely miss the hornet.
Your tail-slap misses the hornet.
The hornet is lightly wounded.
The hornet misses you.
You closely miss the hornet.
Your tail-slap misses the hornet.
The hornet is lightly wounded.
The hornet closely misses you.
You slash the hornet!
The hornet is heavily wounded.
The hornet barely misses you.
You hit the hornet but do no damage.
The hornet is heavily wounded.
The hornet closely misses you.
You barely miss the hornet.
The hornet is heavily wounded.
The hornet stings you!
You die... ▓▓▓▓▓▓▓▓▓▓▓▓▓▓▓▓▓▓▓▓▓▓▓▓ _______'.?).[[..@y...... ▓▓▓▓▓▓▓▓▓▓▓▓▓▓▓▓▓▓▓▓▓▓▓▓

You could see a hornet (unable to see you).

Vanquished Creatures
  A vampire mosquito (D)
  An acid dragon (D)
  An ogre (D)
  A centaur (D)
  A howler monkey (D)
  A hound (D)
  2 adders (D)
  An orc (D)
  2 endoplasms (D)
  A giant cockroach (D)
  2 kobolds (D)
14 creatures vanquished.

Notes
Turn   | Place    | Note
-------+----------+-------------------------------------------
     0 | D        | boopmooplesden the Armataur Fighter began the quest for the
                  | Orb.
     0 | D        | Reached XP level 1. HP: 18/18 MP: 1/1
    12 | D        | Reached skill level 4 in Armour
    54 | D        | Noticed a hound
    54 | D        | Noticed an ogre
    66 | D        | Killed a hound
    67 | D        | Reached skill level 5 in Armour
    67 | D        | Reached XP level 2. HP: 13/27 MP: 2/2
    67 | D        | Reached XP level 3. HP: 16/33 MP: 3/3
    70 | D        | Killed an ogre
    71 | D        | Reached skill level 5 in Fighting
    71 | D        | Reached skill level 7 in Armour
    71 | D        | Reached XP level 4. HP: 22/42 MP: 4/4
    81 | D        | Reached XP level 5. HP: 17/48 MP: 5/5
   293 | D        | Found a snail-covered altar of Cheibriados.
   293 | D        | Found a shadowy altar of Dithmenos.
   293 | D        | Found a white marble altar of Elyvilon.
   293 | D        | Found a blossoming altar of Fedhas.
   293 | D        | Found an opulent altar of Gozag.
   294 | D        | Found a hazy altar of Hepliaklqana.
   295 | D        | Found a viscous altar of Jiyva.
   296 | D        | Found an ancient bone altar of Kikubaaqudgha.
   297 | D        | Found a corrupted altar of Lugonu.
   298 | D        | Found a burning altar of Makhleb.
   299 | D        | Found a sparkling altar of Nemelex Xobeh.
   300 | D        | Found an iron altar of Okawaru.
   301 | D        | Found a stormy altar of Qazlal.
   302 | D        | Found a sacrificial altar of Ru.
   303 | D        | Found a shimmering blue altar of Sif Muna.
   304 | D        | Found a bloodstained altar of Trog.
   305 | D        | Found a hide-covered altar of Uskayaw.
   306 | D        | Found a radiant altar of Vehumet.
   307 | D        | Found an ornate altar of the Wu Jian Council.
   308 | D        | Found a shimmering altar of Xom.
   309 | D        | Found a basalt altar of Yredelemnul.
   310 | D        | Found a glowing silver altar of Zin.
   311 | D        | Found a glowing golden altar of the Shining One.
   312 | D        | Became a worshipper of Trog the Wrathful
   344 | D        | Noticed a centaur
   344 | D        | Noticed an acid dragon
   344 | D        | Noticed a vampire mosquito
   344 | D        | Noticed a hornet
   344 | D        | Noticed a shadow
   351 | D        | Killed a centaur
   352 | D        | Reached skill level 8 in Armour
   352 | D        | Reached skill level 1 in Dodging
   357 | D        | Killed an acid dragon
   357 | D        | Reached * piety under Trog
   358 | D        | Reached skill level 5 in Long Blades
   358 | D        | Reached XP level 6. HP: 18/58 MP: 6/6
   360 | D        | HP: 2/87 [vampire mosquito (3)]
   361 | D        | Killed a vampire mosquito
   362 | D        | Reached skill level 9 in Armour
   362 | D        | Reached skill level 1 in Stealth
   368 | D        | Slain by a hornet

Illustrated notes

Levels and vault maps discovered:
D:        linesprint [early_d, line_temple, items_1, d_10, items_2, lair_1,
          lair_end, items_3, orc_1, orc_end, items_4, d_15, swamp_1, shoals_1,
          snake_1, spider_1, d_20, vaults_1, items_5, swamp_end, shoals_end,
          snake_end, spider_end, vaults_end, d_27, items_6, zot_1, zot_end,
          crypt_end, forest_end, elf_end, slime_end, tomb_end, abyss_end,
          pan_hell_end]

Skill      XL: |  1  2  3  4  5  6 |
---------------+-------------------+-----
Fighting       | 4 5 6 7 |  7.0
Long Blades    | 2 3 4 5 6 |  6.7
Armour         | 5 7 8 9 |  9.5
Shields        | 4 6 7 |  7.8
Dodging        | 1 |  1.7
Stealth        | 1 |  1.2

Action                     |  1- 3 |  4- 6 || total
---------------------------+-------+-------++-------
  Melee: Long sword        |    38 |    10 ||    48
         Tailslap          |     3 |     2 ||     5
         Scimitar          |       |    22 ||    22
    Use: Potion            |     1 |     2 ||     3
   Stab: Invisible         |       |     1 ||     1
 Armour: Scale mail        |    28 |    32 ||    60
  Dodge: Dodged            |    13 |    13 ||    26
  Block: Buckler           |     8 |     7 ||    15
